 Dungeon Crawl Stone Soup version 0.28.0-53-g5a82cb258f (webtiles) character file.

Game seed: 4665574955218575692

41 styxcanada the Sneak (level 3, -2/18 HPs)
             Began as a Spriggan Brigand on June 22, 2022.
             Killed from afar by an orc wizard (11 damage)
             ... with a puff of flame
             ... on level 2 of the Dungeon.
             The game lasted 00:03:33 (1261 turns).

styxcanada the Sneak (Spriggan Brigand)             Turns: 1261, Time: 00:03:33

Health: -2/18      AC:  3    Str:  7    XL:     3   Next: 32%
Magic:  4/4        EV: 16    Int: 12    God:
Gold:   32         SH:  0    Dex: 18    Spells: 2/2 levels left

rFire   . . .      SeeInvis +   j - +1 short sword (drain)
rCold   . . .      Faith    .   (no shield)
rNeg    . . .      Spirit   .   b - +0 robe
rPois   .          Reflect  .   (helmet restricted)
rElec   .          Harm     .   c - +0 cloak
rCorr   .          Rampage  .   (gloves unavailable)
Will    .....                   (boots unavailable)
Stlth   ++++......              (no amulet)
HPRegen 0.06/turn               (no ring)
MPRegen 0.09/turn               (no ring)

@: very quick
A: very small, no large weapons, unfitting armour, see invisible, speed 3
a: no special abilities


You were on level 2 of the Dungeon.
You visited 1 branch of the dungeon, and saw 2 of its levels.

You collected 32 gold pieces.

Inventory:

Hand Weapons
 a - a +2 dagger
 j - a +1 short sword of draining (weapon)
 l - a +0 hunting sling
Missiles
 d - 6 poisoned darts (quivered)
 e - 2 curare-tipped darts
 i - 52 stones
 k - 20 sling bullets
Armour
 b - a +0 robe (worn)
 c - a +0 cloak (worn)
Scrolls
 f - 2 scrolls of teleportation {unknown}
 m - a scroll of immolation {unknown}
Potions
 g - 2 potions of berserk rage {unknown}
 h - a potion of attraction {unknown}


   Skills:
 + Level 1.6 Fighting
 + Level 2.7 Short Blades
 + Level 2.2 Throwing
 + Level 1.6 Dodging
 + Level 7.0 Stealth


You had 2 spell levels left.
You didn't know any spells.
Your spell library was empty.

Dungeon Overview and Level Annotations

Branches:
Dungeon (2/15)

Altars:


Innate Abilities, Weirdness & Mutations

You are very small and have problems with some larger weapons.
You are too small for most types of armour.
You have supernaturally acute eyesight. (SInv)
You cover ground extremely quickly. (Speed+++)


Message History

You see here 3 scrolls labelled IDIUCL HYUTHROC.
An orc comes into view. It is wielding a +0 whip.
An orc wizard comes into view. It is wielding a +0 dagger.
Found a stone staircase leading down.
The orc shouts! x2; You hear an angry hiss.
You hear a shout!
You hear an angry hiss.
The orc closely misses you.
You hit the orc.
The orc is severely wounded.
The orc completely misses you.
You barely miss the orc wizard. The orc misses you.
The orc wizard hits you with a +0 dagger.
You closely miss the orc wizard. The orc hits you with a +0 whip.
The orc misses you.
The orc wizard hits you but does no damage.
You hit the orc wizard.
The orc wizard is lightly wounded.
The orc hits you with a +0 whip.
The orc wizard hits you with a +0 dagger.
The orc misses you.
You closely miss the orc wizard.
The orc wizard is lightly wounded.
The orc barely misses you. The orc closely misses you.
The orc wizard barely misses you.
You closely miss the orc wizard.
The orc wizard is lightly wounded.
The orc wizard barely misses you.
The orc priest calls upon Beogh to heal the orc.
The orc's wounds heal themselves!
Throw: 7 darts (poison)
Press: ? - help, Q - select action, (/) - cycle Shift-Dir - straight line, f - orc wizard
Aim: an orc wizard, wielding a +0 dagger and wearing a +0 robe (lightly wounded, 55% to hit)
You throw a poisoned dart. The poisoned dart hits the orc wizard.
The orc wizard is poisoned.
The orc wizard is lightly wounded.
The orc priest looks encouraged for a moment.
The orc wizard points at you and mumbles some strange words.
The puff of flame hits you!
Ouch! That really hurt!
You die...

#. ###.#
...o #..
#..#+#####
#..o...#..
###...(#.#
#....#.#
###+#..(o#@#
#....?..o.o#
#........###
#....#####
#....#
#....#
###.##### .
#.#...# .
#.#.#.####


You could see an orc wizard (poisoned) and an orc.

Vanquished Creatures
  An adder (D:2)
  A worm (D:2)
  3 bats
  3 endoplasms
  2 goblins
  A hobgoblin (D:2)
  6 jackals (D:1)
  3 kobolds (D:1)
  A quokka (D:1)
  2 ball pythons (D:2)
  A frilled lizard (D:1)
  2 rats
26 creatures vanquished.

Notes
Turn   | Place    | Note
-------+----------+-------------------------------------------
     0 | D:1      | styxcanada the Spriggan Brigand began the quest for the
                  | Orb.
     0 | D:1      | Reached XP level 1. HP: 10/10 MP: 2/2
    51 | D:1      | Reached skill level 6 in Stealth
   491 | D:1      | Reached XP level 2. HP: 14/14 MP: 3/3
   550 | D:1      | You fall into a shaft and drop 1 floor!
   716 | D:1      | Reached XP level 3. HP: 12/18 MP: 4/4
   901 | D:1      | Reached skill level 7 in Stealth
   905 | D:1      | Found a faded altar of an unknown god.
  1261 | D:2      | Killed from afar by an orc wizard

Illustrated notes

Levels and vault maps discovered:
D:1:      lemuel_arrival_river_ford, layout_rooms,
          shapermc_ecumenical_altar_venn
D:2:      layout_basic

Skill      XL: |  1  2  3 |
---------------+----------+-----
Stealth        | 6 7 |  7.0
Fighting       | |  1.6
Short Blades   | |  2.7
Throwing       | |  2.2
Dodging        | |  1.6

Action                   || total
-------------------------++-------
Melee: Dagger            ||    59
       Punch             ||     1
       Short sword       ||    19
Throw: Dart              ||    12
 Stab: Sleeping          ||     4
Armor: Robe              ||     5
Dodge: Dodged            ||    64
